 Dungeon Crawl Stone Soup version 0.30.0-5-g1a98f26d00 (webtiles) character file.

Game seed: 3906413556039649907

787 retardedninja the Firebug (level 7, -2/51 HPs)
             Began as a Gnoll Fire Elementalist on May 12, 2023.
             Slain by an orc
             ... wielding a +0 short sword
              (5 damage)
             ... on level 5 of the Dungeon.
             The game lasted 00:07:23 (5288 turns).

retardedninja the Firebug (Gnoll Fire Elementalist) Turns: 5288, Time: 00:07:23

Health: -2/51      AC:  5    Str:  7    XL:     7   Next: 87%
Magic:  10/15      EV: 14    Int: 21    God:
Gold:   173        SH:  0    Dex: 14    Spells: 14/17 levels left

rFire   + . .        s - +7 Throatcutter {drain, coup de grace}
rCold   x . .        (no shield)
rNeg    + . .        d - +0 robe
rPois   +            l - +0 helmet
rElec   .            u - +1 cloak of Theory {rC- rN+ Int+4}
rCorr   .            (no gloves)
SInv    .            (no boots)
Will    .....        (no amulet)
Stlth   ++           t - ring of Discretion {Wiz rPois rF+ Dex+2 Stlth-}
HPRegen 0.28/turn    (no ring)
MPRegen 0.14/turn

%: wizardry (x1)
@: no status effects
A: fangs 1, strong nose, distributed training
a: no special abilities


You were on level 5 of the Dungeon.
You visited 1 branch of the dungeon, and saw 5 of its levels.

You collected 173 gold pieces.

Inventory:

Hand Weapons
 s - the +7 Throatcutter (weapon) {drain, coup de grace}
   (You found it on level 4 of the Dungeon)
Armour
 d - a +0 robe (worn)
 l - a +0 helmet (worn)
 u - the +1 cloak of Theory (worn) {rC- rN+ Int+4}
   (You found it on level 4 of the Dungeon)

   Int:       It affects your intelligence (+4).
   rC:        It makes you vulnerable to cold.
   rN:        It protects you from negative energy.
Jewellery
 t - the ring of Discretion (left hand) {Wiz rPois rF+ Dex+2 Stlth-}
   (You found it on level 4 of the Dungeon)

   [ring of wizardry]

   It improves your spell success rate.
   Dex:       It affects your dexterity (+2).
   rF:        It protects you from fire.
   rPois:     It protects you from poison.
   Stlth:     It makes you less stealthy.
Wands
 a - a wand of mindburst (4)
Scrolls
 c - 2 scrolls of amnesia {unknown}
 e - a scroll of butterflies {unknown}
 f - 2 scrolls of fog {unknown}
 g - 2 scrolls of noise
 h - 4 scrolls of poison
 j - 2 scrolls of teleportation {unknown}
 m - a scroll of vulnerability {unknown}
 n - a scroll of identify
 q - a scroll of magic mapping {unknown}
Potions
 b - 2 potions of magic
 i - a potion of resistance
 k - 2 potions of might {unknown}
 p - a potion of curing
 r - a potion of flight {unknown}
 v - a potion of attraction {unknown}
 w - a potion of mutation {unknown}


   Skills:
 + Level 2.8 Fighting
 + Level 2.8 Short Blades
 + Level 2.8 Long Blades
 + Level 2.8 Axes
 + Level 2.8 Maces & Flails
 + Level 2.8 Polearms
 + Level 2.8 Staves
 + Level 2.8 Ranged Weapons
 + Level 2.8 Throwing
 + Level 2.8 Armour
 + Level 5.4 Dodging
 + Level 5.1 Stealth
 + Level 2.8 Shields
 + Level 2.8 Unarmed Combat
 + Level 5.8 Spellcasting
 + Level 3.2 Conjurations
 + Level 2.3 Hexes
 + Level 2.3 Summonings
 + Level 2.3 Necromancy
 + Level 2.3 Translocations
 + Level 2.3 Transmutations
 + Level 6.0 Fire Magic
 + Level 2.3 Ice Magic
 + Level 2.3 Air Magic
 + Level 2.3 Earth Magic
 + Level 2.3 Poison Magic
 + Level 3.1 Invocations
 + Level 2.8 Evocations


You had 14 spell levels left.
You knew the following spells:

 Your Spells              Type           Power      Damage    Failure   Level
a - Foxfire               Conj/Fire      100%       2x1d9     1%          1
b - Scorch                Fire           62%        2d7       1%          2

Your spell library contained the following spells:

 Spells                   Type           Power      Damage    Failure   Level
 Apportation              Tloc           30%        N/A       1%          1
 Inner Flame              Hex/Fire       23%        N/A       2%          3
 Volatile Blastmotes      Fire/Tloc      46%        2d13      2%          3
 Flame Wave               Conj/Fire      25%        2d8       6%          4
 Alistair's Intoxication  Tmut/Pois      10%        N/A       38%         5


Dungeon Overview and Level Annotations

Branches:
Dungeon (5/15)
 Temple: D:4-7

Altars:


Innate Abilities, Weirdness & Mutations

You have very sharp teeth.
Your uncanny sense of smell can sniff out nearby items.
Your experience applies equally to all skills.


Message History

* * * LOW HITPOINT WARNING * * *
As you read the scroll labelled BAOHEF NUL, it crumbles to dust.
You hear a loud clanging noise!
It was a scroll of noise.
You hear a shout! x9
The gnoll is no longer moving quickly.
The ogre closely misses you. The orc misses you.
The gnoll hits you from afar with a +0 halberd.
* * * LOW HITPOINT WARNING * * *
The gnoll closely misses you. The orc hits you but does no damage.
Casting: Foxfire (safe; 1% risk of failure)
Confirm with . or Enter, or press ? or * to list all spells.
Flames lash the gnoll.
The gnoll is moderately wounded.
The gnoll's fire resistance burns away.
The orc closely misses you. The orc barely misses you. The ogre misses you.
The gnoll hits you from afar with a +0 spear!
* * * LOW HITPOINT WARNING * * *
You feel better. The orc hits you but does no damage. x2
The gnoll completely misses you.
Unknown command.
Aiming: Mindburst
Press: ? - help, Q - select action, (/) - cycle Shift-Dir - straight line, f/p - gnoll
Aim: a gnoll, wielding a +0 halberd (covering ground quickly, chance to affect: 81%)
The ogre's mind is blasted!
You blow up the ogre!
The gnoll is no longer moving quickly.
The gnoll misses you.
The orc hits you but does no damage. x2; The gnoll barely misses you.
Your Fire Magic skill increases to level 6!
Unknown command.
Aiming: Mindburst
Press: ? - help, Q - select action, (/) - cycle Shift-Dir - straight line, f - gnoll, p - gnoll
Aim: a gnoll, wielding a +0 spear (moderately wounded, more vulnerable to fire, chance to affect: 82%)
The gnoll's mind is blasted!
You blow up the gnoll!
The gnoll hits you from afar with a +0 spear.
* * * LOW HITPOINT WARNING * * *
The orc closely misses you. The orc hits you with a +0 short sword.
You die...

.... ∆ .). ##')## ##)...#
).)..+ #g...#
#############oog'####
#............)o......
##~≈~~≈~~≈~~~~@o..~≈~≈
~~~≈~≈#
≈≈≈≈≈≈≈≈≈≈≈≈~~....~≈≈≈ ≈≈≈≈~
~~≈~~≈~~~~~≈~≈....~≈~~ ≈~~~
...................... ...
##.......#........... #.##
#...##..###.........####..#
##...##..###..........)...#
#.....#...#............)).###
#.......#####...........).).#


You could see 2 gnolls and 4 orcs.

Vanquished Creatures
  A steam dragon (D:5)
  An ogre (D:5)
  3 phantoms
  Blork the orc (D:4)
  A gnoll bouda (D:5)
  An orc wizard (D:5)
  Robin (D:2)
  2 gnolls (D:5)
  9 adders
  2 worms
  3 dart slugs
  12 orcs
  7 bats
  4 endoplasms
  2 giant cockroaches
  18 goblins
  14 hobgoblins
  11 jackals
  15 kobolds
  A quokka (D:2)
  10 ball pythons
  4 frilled lizards
  6 rats
129 creatures vanquished.

Vanquished Creatures (others)
  444 foxfires
444 creatures vanquished.

Grand Total: 573 creatures vanquished

Notes
Turn   | Place    | Note
-------+----------+-------------------------------------------
     0 | D:1      | retardedninja the Gnoll Fire Elementalist began the quest
                  | for the Orb.
     0 | D:1      | Reached XP level 1. HP: 13/13 MP: 6/6
   302 | D:1      | Reached XP level 2. HP: 19/19 MP: 5/7
   888 | D:1      | Reached skill level 5 in Spellcasting
   888 | D:1      | Reached XP level 3. HP: 25/25 MP: 5/9
  1386 | D:2      | Reached skill level 1 in Invocations
  1609 | D:2      | Reached skill level 1 in Fighting
  1609 | D:2      | Reached skill level 1 in Short Blades
  1609 | D:2      | Reached skill level 1 in Long Blades
  1609 | D:2      | Reached skill level 1 in Axes
  1609 | D:2      | Reached skill level 1 in Maces & Flails
  1609 | D:2      | Reached skill level 1 in Polearms
  1609 | D:2      | Reached skill level 1 in Staves
  1609 | D:2      | Reached skill level 1 in Ranged Weapons
  1609 | D:2      | Reached skill level 1 in Throwing
  1609 | D:2      | Reached skill level 1 in Armour
  1609 | D:2      | Reached skill level 1 in Shields
  1609 | D:2      | Reached skill level 1 in Unarmed Combat
  1609 | D:2      | Reached skill level 1 in Evocations
  1688 | D:2      | Noticed Robin
  1694 | D:2      | Killed Robin
  1695 | D:2      | Reached XP level 4. HP: 32/32 MP: 6/11
  1727 | D:2      | Learned a level 2 spell: Scorch
  2062 | D:2      | Reached skill level 1 in Hexes
  2062 | D:2      | Reached skill level 1 in Summonings
  2062 | D:2      | Reached skill level 1 in Necromancy
  2062 | D:2      | Reached skill level 1 in Translocations
  2062 | D:2      | Reached skill level 1 in Transmutations
  2062 | D:2      | Reached skill level 1 in Ice Magic
  2062 | D:2      | Reached skill level 1 in Air Magic
  2062 | D:2      | Reached skill level 1 in Earth Magic
  2062 | D:2      | Reached skill level 1 in Poison Magic
  2344 | D:2      | Found a faded altar of an unknown god.
  2725 | D:2      | Reached XP level 5. HP: 37/37 MP: 8/12
  3681 | D:4      | Noticed Blork the orc
  3687 | D:4      | Noticed a phantom
  3697 | D:4      | Killed Blork the orc
  3698 | D:4      | Reached XP level 6. HP: 31/44 MP: 1/13
  3727 | D:3      | Reached skill level 5 in Dodging
  4287 | D:4      | Found the +7 Throatcutter {drain, coup de grace}
  4441 | D:4      | Identified the +1 cloak of Theory {rC- rN+ Int+4}
  4441 | D:4      | Identified the ring of Discretion {Wiz rPois rF+ Dex+2
                  | Stlth-}
  4484 | D:4      | Reached XP level 7. HP: 39/51 MP: 10/15
  4700 | D:4      | You fall into a shaft and drop 1 floor!
  4700 | D:5      | Entered Level 5 of the Dungeon
  5085 | D:5      | Noticed a steam dragon
  5092 | D:5      | Killed a steam dragon
  5093 | D:5      | Reached skill level 5 in Stealth
  5280 | D:5      | HP: 2/51 [ogre/+0 giant club (25)]
  5285 | D:5      | HP: 1/51 [gnoll/+0 spear (7)]
  5288 | D:5      | Reached skill level 6 in Fire Magic
  5288 | D:5      | Slain by an orc

Illustrated notes

Levels and vault maps discovered:
D:1:      dpeg_arrival_shelter, layout_loops_corners
D:2:      layout_loops_ring, shapermc_ecumenical_altar_mp_urbaneastern,
          uniq_robin
D:3:      layout_rooms
D:4:      layout_rooms, dilly_guarded_unrand_throatcut, uniq_blork_the_orc
D:5:      lemuel_castle_with_subvaults [lemuel_castle_interior_original],
          layout_cave_pools, minmay_temple_entry_enclosed_plants, serial_shops,
          shop, gammafunk_ghost_necromancy

Skill      XL: |  1  2  3  4  5  6  7 |
---------------+----------------------+-----
Conjurations   | 2 3 |  3.2
Spellcasting   | 5 |  5.8
Invocations    | 1 2 3 |  3.1
Fighting       | 1 2 |  2.8
Short Blades   | 1 2 |  2.8
Long Blades    | 1 2 |  2.8
Axes           | 1 2 |  2.8
Maces & Flails | 1 2 |  2.8
Polearms       | 1 2 |  2.8
Staves         | 1 2 |  2.8
Ranged Weapons | 1 2 |  2.8
Throwing       | 1 2 |  2.8
Armour         | 1 2 |  2.8
Shields        | 1 2 |  2.8
Unarmed Combat | 1 2 |  2.8
Evocations     | 1 2 |  2.8
Hexes          | 1 2 |  2.3
Summonings     | 1 2 |  2.3
Necromancy     | 1 2 |  2.3
Translocations | 1 2 |  2.3
Transmutations | 1 2 |  2.3
Ice Magic      | 1 2 |  2.3
Air Magic      | 1 2 |  2.3
Earth Magic    | 1 2 |  2.3
Poison Magic   | 1 2 |  2.3
Dodging        | 5 |  5.4
Stealth        | 5 |  5.1
Fire Magic     | 6 |  6.0

Action                     |  1- 3 |  4- 6 |  7- 9 || total
---------------------------+-------+-------+-------++-------
  Melee: Spear             |     6 |    10 |       ||    16
         Bite              |     1 |     2 |       ||     3
         Rapier            |       |    24 |       ||    24
         Long sword        |       |       |     3 ||     3
   Cast: Foxfire           |    87 |   134 |    55 ||   276
         Scorch            |       |    18 |     4 ||    22
  Evoke: Wand              |       |       |     5 ||     5
    Use: Scroll            |       |     4 |     1 ||     5
         Potion            |       |       |     2 ||     2
 Armour: Robe              |    18 |    20 |    13 ||    51
  Dodge: Dodged            |    52 |    61 |    34 ||   147
